 Dungeon Crawl Stone Soup version 0.26-a0-660-gc07710193c (webtiles) character file.

Game seed: 5588970909381086177

763 flotson the Shield-Bearer (level 7, -1/36 HPs)
             Began as a Vine Stalker Fighter on Oct 8, 2020.
             Slain by a hornet zombie (3 damage)
             ... on level 4 of the Dungeon.
             The game lasted 00:04:45 (3592 turns).

flotson the Shield-Bearer (Vine Stalker Fighter)    Turns: 3592, Time: 00:04:46

Health: -1/36      AC:  9    Str: 21    XL:     7   Next: 81%
Magic:  0/8        EV:  8    Int: 14    God:
Gold:   163        SH: 10    Dex: 19    Spells: 6/6 levels left

rFire    . . .     SeeInvis .   a - +0 spear (vorpal)
rCold    . . .     Faith    .   b - +0 kite shield
rNeg     . . .     Spirit   +   A - +0 scale mail {MR+}
rPois    .         Reflect  .   (no helmet)
rElec    .         Harm     .   u - +0 cloak
rCorr    .         Rampage  .   (no gloves)
MR       +....                  C - +0 pair of boots
Stlth    ..........             (no amulet)
HPRegen  0.52/turn              p - +6 ring of intelligence
MPRegen  0.11/turn              y - +6 ring of dexterity

@: lightly drained
A: fangs 2, regeneration 1, magic shield, antimagic bite, no potion heal 3, rot
immunity
a: no special abilities


You were on level 4 of the Dungeon.
You visited 1 branch of the dungeon, and saw 4 of its levels.

You collected 163 gold pieces.

Inventory:

Hand Weapons
 a - a +0 vorpal spear (weapon)
 n - a +1 vorpal hand axe
 v - a cursed -1 whip
Missiles
 m - 11 poisoned darts (quivered)
 t - 3 javelins
 x - a throwing net
Armour
 b - a +0 kite shield (worn)
 u - a +0 cloak (worn)
 A - a +0 scale mail of magic resistance (worn)
 C - a +0 pair of boots (worn)
Jewellery
 p - a +6 ring of intelligence (left hand)
 y - a +6 ring of dexterity (right hand)
Wands
 z - a wand of disintegration (18)
 B - a wand of acid (9)
Scrolls
 d - 2 scrolls of enchant armour {unknown}
 e - 2 scrolls of amnesia {unknown}
 f - a scroll of enchant weapon {unknown}
 g - 2 scrolls of identify {unknown}
 h - 2 scrolls of magic mapping {unknown}
 i - 5 scrolls of remove curse {unknown}
 l - a scroll of noise {unknown}
 q - a scroll of immolation {unknown}
Potions
 c - a potion of might
 j - 2 potions of lignification {unknown}
 k - a potion of degeneration {unknown}
 o - a potion of brilliance {unknown}
 r - 4 potions of stabbing {unknown}
 s - 3 potions of resistance {unknown}
 w - a potion of cancellation {unknown}
 D - a potion of mutation {unknown}


   Skills:
 + Level 3.5(3.3) Fighting
 + Level 4.1(3.9) Polearms
 + Level 0.2(0.0) Throwing
 + Level 4.1(3.9) Armour
 + Level 1.5(1.3) Dodging
 + Level 0.7(0.5) Stealth
 + Level 4.1(3.9) Shields
 + Level 2.8(2.5) Unarmed Combat


You had 6 spell levels left.
You didn't know any spells.
Your spell library was empty.

Dungeon Overview and Level Annotations

Branches:
Dungeon (4/15)
 Temple: D:4-7

Altars:
Ashenzari
Cheibriados
Elyvilon
Qazlal
Wu Jian
Xom
Yredelemnul


Innate Abilities, Weirdness & Mutations

You have extremely sharp teeth.
Your natural rate of healing is unusually fast.
When hurt, damage is shared between your health and your magic reserves.
Your bite disrupts and absorbs the magic of your enemies.
Potions cannot restore your health.
You are immune to rotting.


Message History

The hornet zombie hits you!
* * * LOW HITPOINT WARNING * * *
You barely miss the hornet zombie. Your bite misses the hornet zombie.
The hornet zombie is almost destroyed.
The hornet zombie hits you.
* * * LOW HITPOINT WARNING * * *
The hornet zombie barely misses you.
You barely miss the hornet zombie.
You bite the hornet zombie, but do no damage.
The hornet zombie is almost destroyed.
You block the hornet zombie's attack.
You barely miss the hornet zombie.
The hornet zombie is almost destroyed.
The hornet zombie hits you.
* * * LOW HITPOINT WARNING * * *
You hit the hornet zombie but do no damage.
You bite the hornet zombie. You drain its power.
You feel invigorated.
The hornet zombie is almost destroyed.
The hornet zombie hits you!
You die...

...........#########.........##..
...........##................##..
#######....##........############
# #.......##........###### #
#.#####.#######........# #
#.#...#.# #........# # #.#.#.#.#
#........#
####.#.#.#.#######........#
.....#.#.#.....Z@.........# ##
.......#.#.....#######....# #.
########.##(...#.#.#.###### #.
.........##....#Z....# #.
###########....'...)## #.
#....'...?.# #. ####.'....## #.
#.#.....# #. #.#.#.#.# ##


You could see a hornet zombie.

Vanquished Creatures
  The ghost of MrDNA the Covert, a novice OpMo of Trog (D:4)
  A big kobold (D:3)
  A centaur zombie (D:4)
  2 orc priests
  2 hounds (D:3)
  2 orc wizards (D:3)
  Ijyb (D:4)
  Jessica (D:2)
  An iguana (D:4)
  2 worker ants
  3 adders
  An adder skeleton (D:4)
  3 worms
  2 leopard geckos
  6 orcs
  5 giant cockroaches
  3 hobgoblins
  3 jackals (D:3)
  2 quokkas
  8 bats
  A frilled lizard (D:1)
  6 goblins
  7 kobolds
  A leopard gecko skeleton (D:4)
  6 rats
71 creatures vanquished.

Notes
Turn   | Place    | Note
-------+----------+-------------------------------------------
     0 | D:1      | flotson the Vine Stalker Fighter began the quest for the
                  | Orb.
     0 | D:1      | Reached XP level 1. HP: 11/11 MP: 2/2
   429 | D:1      | Reached XP level 2. HP: 16/16 MP: 3/3
   916 | D:2      | Found a basalt altar of Yredelemnul.
  1031 | D:2      | Found a stormy altar of Qazlal.
  1071 | D:2      | Reached XP level 3. HP: 19/19 MP: 4/4
  1407 | D:2      | Noticed Jessica
  1412 | D:2      | Killed Jessica
  1412 | D:2      | Reached skill level 1 in Polearms
  1412 | D:2      | Gained mutation: Your natural rate of healing is unusually
                  | fast. [Vine Stalker growth]
  1412 | D:2      | Reached XP level 4. HP: 24/24 MP: 5/5
  1473 | D:2      | Found a white marble altar of Elyvilon.
  1737 | D:3      | Found a snail-covered altar of Cheibriados.
  1746 | D:3      | Found a broken altar of Ashenzari.
  1747 | D:3      | Noticed a big kobold
  1768 | D:3      | Killed a big kobold
  1768 | D:3      | Reached XP level 5. HP: 15/28 MP: 6/6
  2154 | D:3      | You fall into a shaft and drop 1 floor!
  2184 | D:4      | Reached XP level 6. HP: 23/32 MP: 7/7
  2278 | D:3      | Reached skill level 1 in Dodging
  2753 | D:4      | Noticed Ijyb
  2860 | D:4      | Killed Ijyb
  3310 | D:4      | Found a runed translucent gate.
  3310 | D:4      | Found a runed translucent gate.
  3311 | D:4      | Found a runed translucent gate.
  3314 | D:4      | Noticed MrDNA's ghost (novice OpMo)
  3356 | D:4      | Reached XP level 7. HP: 36/36 MP: 8/8
  3400 | D:4      | Found an ornate altar of the Wu Jian Council.
  3471 | D:4      | Found a shimmering altar of Xom.
  3551 | D:4      | Killed MrDNA's ghost
  3589 | D:4      | HP: 1/36 [hornet zombie (3)]
  3592 | D:4      | Slain by a hornet zombie

Illustrated notes

Levels and vault maps discovered:
D:1:      psy_arrival_whirlpool, layout_basic
D:2:      layout_basic, lemuel_doored_altar, grunt_qazlal_clouds,
          overflow_temple_1_default, uniq_jessica
D:3:      layout_loops_ring, overflow_temple_1_default, old_standard_altar,
          serial_rivers, chequers_serial_rivers_room_a,
          chequers_serial_rivers_micro_b, chequers_serial_rivers_marsh,
          chequers_serial_rivers_micro_a, hangedman_decor_lopped
D:4:      layout_basic, kennysheep_little_box, gammafunk_ghost_necromancy,
          xom_teletrap_fun, uniq_ijyb

Skill      XL: |  1  2  3  4  5  6  7 |
---------------+----------------------+-----
Shields        | 3 4 |  4.1
Fighting       | 3 |  3.5
Polearms       | 1 2 3 4 |  4.1
Armour         | 3 4 |  4.1
Dodging        | 1 |  1.5
Throwing       | |  0.2
Stealth        | |  0.7
Unarmed Combat | |  2.8

Action                   |  1- 3 |  4- 6 |  7- 9 || total
-------------------------+-------+-------+-------++-------
Melee: Unarmed           |    34 |       |       ||    34
       Bite              |    21 |    47 |    21 ||    89
       Spear             |    42 |   164 |    50 ||   256
Throw: Dart              |       |     2 |     1 ||     3
Armor: Scale mail        |    31 |    43 |    11 ||    85
Dodge: Dodged            |    19 |    34 |    13 ||    66
Block: Kite shield       |    31 |    83 |    13 ||   127

Table legend: (Time is in decaauts)
 A = Elapsed time spent in this place.
 B = Non-inter-level travel time spent in this place.
 C = Inter-level travel time spent in this place.
 D = Time resting spent in this place.
 E = Time spent auto-exploring this place.
 F = Levels seen in this place.
 G = Mean time per level.
                   A        B        C        D        E       F      G
               +--------+--------+--------+--------+--------+-----+--------+
         Total |   3620 |   3508 |    112 |     61 |   2832 |   4 |  905.0 |
       Dungeon |   3620 |   3508 |    112 |     61 |   2832 |   4 |  905.0 |
               +--------+--------+--------+--------+--------+-----+--------+

Top non-repeatable levels by time:
     D:4: 995 daAuts
     D:2: 940 daAuts
     D:3: 877 daAuts
     D:1: 806 daAuts
